Map: [ESL] Site Delta

Players

YoungYakov

  • Race: Zerg Zerg
  • Spawn Location: 5:00

AqueroN - Winner!

  • Race: Terran Terran
  • Spawn Location: 11:00

Event: ESL SC2 Masters 2024 Spring (Regional)

VOD

Have the link to the VOD?

Description

Time

  • Played on: April 16, 2024, 1:04 p.m.
  • Length: 14:43

All games in this series

Show
View Real Time Build Order
Export as new Build Order

YoungYakov Zerg 

Build Orders: Hatch First 

Get SALT Encoding   

  12  0:00  Drone  
  13  0:12  Overlord  
  13  0:16  Drone  
  14  0:30  Drone x2  
  16  0:48  Hatchery  
  15  0:50  Drone  
  15  0:54  Drone  
  17  0:57  Drone  
  18  1:08  Extractor  
  17  1:12  Spawning Pool  
  17  1:15  Drone  
  17  1:19  Drone  
  18  1:32  Drone  
  19  1:59  Zergling x4  
  19  2:00  Zergling x4  
  23  2:01  Spine Crawler, Queen  
  22  2:16  Spine Crawler  
  22  2:18  Zergling x4  
  23  2:29  Zergling x4  
  25  2:45  Zergling x2  
  25  2:46  Zergling x2  
  27  2:58  Overlord  
  27  3:01  Drone  
  24  3:14  Metabolic Boost  
  24  3:25  Drone  
  24  3:26  Drone x2  
  27  3:40  Hatchery  
  26  3:49  Queen  
  28  3:56  Drone  
  28  3:59  Overlord  
  29  4:18  Drone  
  29  4:19  Drone  
  31  4:26  Hatchery  
  30  4:31  Overlord  
  30  4:41  Overlord  
  30  4:43  Overlord  
  30  4:51  Drone x2  
  32  4:55  Drone x2  
  34  5:01  Drone x2  
  34  5:06  Drone x2  
  38  5:14  Queen  
  38  5:19  Drone x2  
  42  5:22  Drone  
  42  5:25  Drone x2  
  42  5:28  Drone  
  46  5:31  Drone x2  
  46  5:34  Drone  
  49  5:39  Queen  
  49  5:41  Drone  
  52  5:44  Drone x2  
  54  5:50  Drone x4  
  54  5:55  Extractor  
  54  5:56  Overlord  
  57  5:58  Overlord  
  57  6:02  Overlord  
  57  6:03  Drone  
  58  6:07  Lair  
  58  6:14  Overlord  
  58  6:15  Drone x3  
  58  6:18  Drone x2  
  62  6:22  Drone x3  
  65  6:27  Drone x3  
  65  6:32  Baneling Nest, Extractor  
  67  6:33  Zergling x2  
  67  6:34  Zergling x6  
  67  6:38  Evolution Chamber  
  65  6:45  Drone x3  
  66  6:47  Drone x3  
  69  6:54  Overlord, Drone  
  69  6:55  Drone x4  
  70  7:02  Drone x4  
  70  7:10  Drone x2  
  72  7:17  Centrifugal Hooks  
  72  7:18  Drone x2  
  72  7:22  Drone  
  75  7:23  Drone  
  75  7:24  Extractor, Hatchery  
  75  7:26  Drone  
  75  7:27  Drone x2  
  75  7:28  Zergling x2  
  78  7:30  Baneling x6  
  78  7:33  Zergling x4  
  78  7:36  Zergling x4  
  82  7:37  Evolution Chamber  
  82  7:39  Zergling x4  
  82  7:40  Zergling x2  
  84  7:44  Zergling x2  
  84  7:48  Baneling  
  84  7:49  Zergling x2, Baneling x2  
  84  7:50  Zergling x6  
  89  7:54  Zergling x4  
  90  8:00  Zergling x4  
  90  8:01  Zergling x10  
  96  8:06  Zerg Ground Armor Level 1  
  91  8:13  Zergling x8  
  91  8:16  Baneling x6  
  91  8:18  Zergling x2  
  91  8:27  Overlord x2  
  91  8:38  Zergling x12  
  97  8:46  Drone x2  
  97  8:47  Drone  
  100  8:48  Evolution Chamber  
  100  8:50  Queen  
  100  8:53  Hatchery  
  98  9:02  Zergling x12  
  100  9:09  Zergling x12  
  104  9:11  Spore Crawler  
  104  9:12  Zergling x2, Spore Crawler  
  104  9:14  Zerg Melee Weapons Level 1  
  103  9:17  Zergling x8  
  103  9:18  Extractor  
  105  9:28  Queen  
  105  9:29  Zergling x2  
  105  9:30  Zergling x4  
  104  9:34  Extractor  
  104  9:35  Drone x3  
  106  9:45  Zergling x2  
  106  9:46  Zergling x14, Baneling  
  106  9:47  Baneling x7  
  106  9:51  Spore Crawler  
  111  9:55  Zergling x2  
  111  9:56  Zergling x2  
  111  9:59  Overlord x2  
  113  10:01  Spore Crawler  
  112  10:07  Overseer  
  112  10:12  Drone x6  
  118  10:18  Zergling x10  
  118  10:19  Queen  
  119  10:28  Zergling x6  
  119  10:34  Zergling x4  
  124  10:40  Zergling x6  
  124  10:41  Hatchery  
  122  10:53  Zergling x12  
  122  10:55  Baneling x4  
  122  10:56  Baneling x5  
  120  11:00  Zergling x6  
  121  11:06  Zergling x2  
  121  11:07  Zergling x6  
  121  11:10  Baneling x10  
  111  11:19  Zergling x10  
  111  11:25  Zergling x4  
  109  11:31  Queen  
  103  11:37  Zergling x12  
  108  11:53  Zergling x10  
  110  12:00  Drone x2  
  110  12:04  Zergling x12  
  110  12:08  Baneling x3  
  108  12:16  Zergling x10  
  108  12:19  Baneling  
  108  12:20  Baneling x3  
  113  12:25  Zergling x6  
  76  12:37  Zergling x2  
  76  12:38  Zergling x12  
  76  12:42  Queen x4  
  76  12:43  Zergling x10  
  92  12:46  Zergling x2  
  92  12:51  Spore Crawler  
  92  12:52  Spore Crawler  
  92  12:54  Zergling x6  
  92  12:58  Zergling x2  
  95  13:00  Baneling x5  
  95  13:01  Baneling  
  95  13:02  Zergling x6  
  97  13:09  Baneling x2  
  97  13:11  Zergling x2  
  97  13:12  Zergling x14  
  100  13:17  Zergling x2  
  93  13:20  Zergling x2  
  93  13:24  Queen x3  
  91  13:28  Zergling x4  
  91  13:30  Baneling x2  
  86  13:36  Zergling x10  
  82  13:48  Zergling x10  
  86  13:55  Zergling x2  
  86  14:01  Zergling x2  
  86  14:02  Zergling x12  
  81  14:04  Queen  
  81  14:07  Zergling x2  
  64  14:18  Zergling x6  
  64  14:19  Zergling x2  
  68  14:34  Spore Crawler  
Show
View Real Time Build Order
Export as new Build Order

AqueroN Terran - Winner!

Build Orders:  

Get SALT Encoding   

  12  0:00  SCV  
  13  0:12  SCV  
  14  0:18  Supply Depot  
  14  0:44  Barracks  
  14  0:48  Barracks  
  14  0:50  SCV  
  15  1:02  SCV  
  16  1:04  Refinery  
  16  1:14  SCV  
  17  1:31  Marine  
  18  1:35  Marine, Orbital Command  
  19  1:47  Bunker x2  
  19  1:51  Bunker  
  19  1:54  Marine  
  19  1:58  Marine  
  22  2:12  Marine  
  22  2:19  Supply Depot  
  22  2:26  Factory  
  22  2:29  Marine  
  23  2:41  SCV, Marine  
  25  2:47  Marine  
  26  2:53  SCV  
  29  3:11  Hellion  
  30  3:14  SCV  
  30  3:15  Starport  
  22  3:28  Command Center  
  22  3:32  SCV  
  23  3:37  Hellion  
  25  3:44  SCV  
  26  3:54  Viking  
  28  3:56  SCV  
  28  3:59  Supply Depot  
  29  4:05  Refinery  
  29  4:09  SCV  
  30  4:11  Factory Reactor  
  30  4:21  SCV  
  31  4:33  SCV  
  31  4:37  Medivac  
  34  4:42  Orbital Command  
  34  4:44  Barracks  
  34  4:45  SCV  
  35  4:48  Hellion x2  
  35  4:50  Barracks Tech Lab  
  35  4:51  Marine  
  40  4:57  SCV  
  40  4:58  Supply Depot, Orbital Command  
  41  5:14  Stimpack, Marine  
  41  5:19  SCV  
  41  5:21  Marine x2  
  44  5:25  Factory Tech Lab  
  44  5:26  Starport Reactor  
  45  5:29  SCV  
  45  5:31  SCV  
  47  5:37  Marine  
  47  5:39  Barracks Reactor, Marine x2  
  47  5:41  SCV  
  51  5:43  SCV  
  51  5:46  Siege Tank  
  55  5:54  Supply Depot  
  55  5:55  Supply Depot, Marine  
  56  5:57  SCV x2  
  56  6:00  Marine x2  
  60  6:09  SCV  
  60  6:10  SCV  
  62  6:14  Supply Depot  
  62  6:16  Marine  
  62  6:17  Marine x2  
  65  6:18  Medivac  
  65  6:22  Marine x2  
  69  6:26  SCV x2  
  69  6:30  Siege Tank  
  69  6:32  Supply Depot  
  74  6:34  Marine  
  74  6:35  Marine  
  76  6:40  SCV  
  77  6:47  Marine x3  
  77  6:51  Marine  
  77  6:52  Engineering Bay  
  77  6:53  Medivac, Supply Depot  
  83  6:56  Supply Depot  
  83  7:03  Marine  
  83  7:05  SCV, Marine  
  82  7:08  Marine x2  
  82  7:09  Siege Tank  
  82  7:14  Marine  
  88  7:17  SCV  
  88  7:20  Refinery, Marine  
  88  7:21  Supply Depot  
  90  7:23  SCV, Refinery  
  90  7:27  Combat Shield, Marine  
  90  7:28  Marine x2  
  95  7:32  Marine  
  96  7:38  Marine  
  96  7:40  SCV  
  96  7:41  SCV  
  96  7:43  Command Center  
  98  7:57  Marine  
  99  8:01  Marine x4  
  99  8:04  SCV, Terran Infantry Weapons Level 1  
  104  8:05  Barracks  
  104  8:06  Barracks  
  100  8:17  Marine  
  100  8:19  SCV x2, Marine x2  
  104  8:21  Medivac  
  104  8:23  Liberator  
  109  8:31  SCV x2  
  111  8:36  Marine  
  111  8:37  Marine  
  111  8:40  Supply Depot, Engineering Bay  
  113  8:43  SCV x2, Marine x2  
  117  8:53  Supply Depot x2  
  117  8:54  Supply Depot  
  117  8:55  Siege Tank  
  120  9:01  Liberator  
  120  9:06  Terran Infantry Armor Level 1  
  119  9:13  Barracks Reactor  
  119  9:14  Barracks Reactor, Orbital Command  
  119  9:16  Marine x4  
  119  9:17  Marine  
  123  9:33  Siege Tank, Liberator  
  123  9:34  Marine x4  
  133  9:38  Orbital Command  
  133  9:39  SCV x2  
  133  9:43  Marine  
  136  9:52  Marine  
  137  9:53  Marine x2  
  137  9:54  Marine x4  
  137  9:55  Marine  
  137  9:56  Liberator  
  137  9:57  SCV x2  
  149  10:04  Armory  
  149  10:05  Supply Depot x2  
  149  10:07  Marine  
  149  10:09  Marine  
  149  10:11  Siege Tank, Marine  
  155  10:20  Liberator  
  155  10:21  Marine x5  
  159  10:24  SCV  
  159  10:25  SCV  
  159  10:26  SCV  
  162  10:35  Marine x4  
  164  10:43  Siege Tank  
  164  10:46  Marine x4  
  164  10:49  Marine  
  172  10:55  Marine  
  172  10:56  Marine  
  152  10:59  Liberator, Marine  
  152  11:00  Marine  
  152  11:04  Marine x3  
  146  11:05  Marine  
  146  11:07  Marine  
  146  11:08  Terran Infantry Weapons Level 2  
  145  11:13  Marine  
  145  11:14  Marine  
  145  11:15  SCV x3  
  146  11:23  Marine x2  
  148  11:27  SCV x3  
  148  11:29  Refinery  
  148  11:30  Refinery  
  148  11:41  Siege Tank  
  151  11:53  Liberator  
  154  11:55  Marine x5  
  154  11:56  Marine x3  
  144  12:08  SCV x2  
  144  12:09  SCV, Marine  
  144  12:13  Marine x4  
  152  12:16  Siege Tank  
  152  12:22  Marine x4  
  157  12:27  Marine  
  131  12:38  Marine x4  
  131  12:40  Marine x2  
  131  12:41  Marine x2  
  139  12:45  Marine  
  139  12:49  Siege Tank  
  143  12:55  Marine x2  
  145  13:05  Marine  
  143  13:09  Marine  
  142  13:13  Liberator x2  
  142  13:17  Marine  
  145  13:29  Marine  
  145  13:32  Siege Tank  
  149  13:37  Marine x4  
  153  13:43  Marine x2  
  152  13:54  Marine  
  152  13:55  Marine x3  
  153  13:56  Marine  
  153  13:58  Marine x2  
  156  14:04  Siege Tank  
  156  14:10  Marine  
  156  14:11  Marine  
  156  14:12  Marine  
  152  14:23  Marine  
Tags
 
Add a new tag
Caveats
  • Supply blocks, unpowered buildings, or Contaminate may cause inaccurate times.
  • Supply counts are checked every 10 seconds.